 Dungeon Crawl Stone Soup version 0.28.0-53-g5a82cb258f (webtiles) character file.

Game seed: 8525858989694536780

247 raph the Shooter (level 5, 0/46 HPs)
             Began as a Minotaur Hunter on July 18, 2022.
             Slain by a jackal (2 damage)
             ... on level 3 of the Dungeon.
             The game lasted 00:03:27 (3538 turns).

raph the Shooter (Minotaur Hunter)                  Turns: 3538, Time: 00:03:28

Health: 0/46       AC:  8    Str: 16    XL:     5   Next: 85%
Magic:  4/4        EV: 10    Int:  8    God:
Gold:   101        SH:  0    Dex: 13    Spells: 4/4 levels left

rFire   . . .      SeeInvis .   b - +0 rapier
rCold   . . .      Faith    .   (no shield)
rNeg    . . .      Spirit   .   e - +0 scale mail
rPois   .          Reflect  .   (helmet restricted)
rElec   .          Harm     .   (no cloak)
rCorr   .          Rampage  .   (no gloves)
Will    .....                   n - +1 pair of boots
Stlth   +.........              (no amulet)
HPRegen 0.15/turn               (no ring)
MPRegen 0.09/turn               (no ring)

@: no status effects
A: horns 2, retaliatory headbutt
a: no special abilities


You were on level 3 of the Dungeon.
You visited 1 branch of the dungeon, and saw 3 of its levels.

You collected 101 gold pieces.

Inventory:

Hand Weapons
 a - a +1 shortbow
 b - a +0 rapier (weapon)
 m - a +0 short sword
Missiles
 d - 25 arrows
Armour
 c - a +0 leather armour
 e - a +0 scale mail (worn)
 n - a +1 pair of boots (worn)
Potions
 f - 2 potions of curing
 g - a potion of heal wounds {unknown}
 h - 2 potions of brilliance
 i - a potion of flight {unknown}
 k - a potion of might {unknown}
 o - a potion of degeneration {unknown}


   Skills:
 + Level 4.0 Fighting
 * Level 6.0 Bows
 + Level 3.5 Dodging
 + Level 2.3 Stealth


You had 4 spell levels left.
You didn't know any spells.
Your spell library contained the following spells:

 Spells                   Type           Power      Damage    Failure   Level
 Blink                    Tloc           0%         N/A       94%         2
 Lesser Beckoning         Tloc           0%         N/A       99%         3
 Manifold Assault         Tloc           0%         N/A       100%        5


Dungeon Overview and Level Annotations

Branches:
Dungeon (3/15)

Altars:

Annotations:
D:3 1 transporter, Ijyb; Panino's ghost, amateur DrTm


Innate Abilities, Weirdness & Mutations

You have a pair of horns on your head.
You reflexively headbutt those who attack you in melee.


Message History

You hit Ijyb but do no damage. You headbutt Ijyb.
Ijyb is severely wounded.
Ijyb closely misses you.
You closely miss Ijyb. Your headbutt misses Ijyb.
Ijyb is severely wounded.
Ijyb barely misses you.
You hit Ijyb but do no damage.
Ijyb is severely wounded.
Ijyb hits you with a +7 club.
* * * LOW HITPOINT WARNING * * *
You hit Ijyb but do no damage. You headbutt Ijyb, but do no damage.
Ijyb is severely wounded.
Ijyb hits you with a +7 club.
* * * LOW HITPOINT WARNING * * *
There are monsters nearby!
You aren't carrying any items that you can evoke.
You completely miss Ijyb.
Ijyb is severely wounded.
Ijyb hits you with a +7 club.
* * * LOW HITPOINT WARNING * * *
Ijyb closely misses you.
You hit Ijyb but do no damage. You headbutt Ijyb, but do no damage.
Ijyb is severely wounded.
Ijyb hits you with a +7 club.
* * * LOW HITPOINT WARNING * * *
Throw: 2 boomerangs (disperse)
Press: ? - help, Q - select action Shift-Dir - straight line, f/p - Ijyb
Aim: Ijyb, wielding a +7 club, wearing a +3 chain mail of cold resistance and carrying a wand of iceblast (11) (severely wounded, unusually resistant, 59% to hit)
You throw a boomerang of dispersal.
The boomerang of dispersal hits Ijyb but does no damage.
Ijyb is severely wounded.
Ijyb closely misses you.
Throw: boomerang (disperse)
Press: ? - help, Q - select action Shift-Dir - straight line, f/p - Ijyb
Aim: Ijyb, wielding a +7 club, wearing a +3 chain mail of cold resistance and carrying a wand of iceblast (11) (severely wounded, unusually resistant, 59% to hit)
You throw a boomerang of dispersal. The boomerang of dispersal hits Ijyb.
Ijyb blinks!
Ijyb is severely wounded.
The jackal bites you.
You die...

.# #.#.###.. #. #.######
#.#...#..
#.#######.##...######.#......
##.........##...##............
..........##...##.###.#####..
#.!......##...##.#.......#..
#.....g..##...##.#.#.###.#..
#........##...##.#.#.###.#..
+.(...(...h@..'........#.#..
#.....(.###...##...#.....#..
#.(....(# ####.......#..##รท.
#.........(. ........+......
#.#########.( #.......##.##.#
# ...###............# .(#
#............# ..#
##########.#.# ..........#


You could see Ijyb (resistant) and a jackal.

Vanquished Creatures
  A black bear (D:3)
  A kobold brigand (D:3)
  A killer bee zombie (D:3)
  2 adders (D:2)
  3 dart slugs
  An orc (D:3)
  9 bats
  4 endoplasms
  4 hobgoblins
  3 jackals (D:1)
  6 kobolds
  2 quokkas (D:2)
  7 ball pythons
  3 frilled lizards
  A goblin (D:3)
  5 rats
53 creatures vanquished.

Notes
Turn   | Place    | Note
-------+----------+-------------------------------------------
     0 | D:1      | raph the Minotaur Hunter began the quest for the Orb.
     0 | D:1      | Reached XP level 1. HP: 18/18 MP: 0/0
   113 | D:1      | Found a faded altar of an unknown god.
   174 | D:1      | Reached skill level 1 in Stealth
   177 | D:1      | Reached XP level 2. HP: 23/25 MP: 1/1
  1325 | D:2      | Reached XP level 3. HP: 30/30 MP: 2/2
  1517 | D:2      | Reached skill level 5 in Bows
  2158 | D:2      | Reached XP level 4. HP: 38/38 MP: 3/3
  2526 | D:3      | Noticed Panino's ghost (amateur DrTm)
  2541 | D:3      | Noticed a black bear
  2554 | D:3      | Killed a black bear
  2555 | D:3      | Reached XP level 5. HP: 12/45 MP: 4/4
  2921 | D:3      | Found a transporter.
  3099 | D:3      | Reached skill level 6 in Bows
  3510 | D:3      | Noticed Ijyb
  3535 | D:3      | HP: 2/46 [Ijyb/+7 club (2)]
  3538 | D:3      | Slain by a jackal

Illustrated notes

Levels and vault maps discovered:
D:1:      beargit_arrival_greenhouse, layout_basic,
          shapermc_ecumenical_altar_totnotflames,
          nicolae_concentric_dashed_squares_mild
D:2:      layout_basic
D:3:      layout_basic, gammafunk_ghost_stat_death,
          ebering_dispersal_statue_hall, minmay_bisected, uniq_ijyb,
          uniq_jessica

Skill      XL: |  1  2  3  4  5 |
---------------+----------------+-----
Stealth        | 1 2 |  2.3
Fighting       | 3 4 |  4.0
Bows           | 5 6 |  6.0
Dodging        | 3 |  3.5

Action                   |  1- 3 |  4- 6 || total
-------------------------+-------+-------++-------
Melee: Short sword       |    48 |       ||    48
       Headbutt          |     9 |     3 ||    12
       Punch             |     3 |     1 ||     4
       Rapier            |    46 |    26 ||    72
 Fire: Shortbow          |    13 |    43 ||    56
Throw: Boomerang         |       |     2 ||     2
  Use: Scroll            |     3 |     1 ||     4
       Potion            |       |     1 ||     1
Armor: Scale mail        |    40 |    21 ||    61
Dodge: Dodged            |    51 |    32 ||    83
